AoeStats
← DL | Kukulcán

Hill Fort

504650693Analyzed
4v4 RM · 28d ago on Sep 6, 2026· 27m 7s· 8 players
Game mode
Random Map
Map size
Large (8 player)
Population
200
Speed
Normal
Resources
Standard
Victory
Conquest
Starting age
Dark Age
Ending age
Imperial Age
RankedLock teamsTeams togetherTeam positionsShared explorationLock speedFull tech treeHidden civsTurbo modeCheats
Victory
Defeat
🇦🇷 Armenians · Argentina
1493
+12
🇦🇷 Maya · Argentina
1391
+17
🇵🇪 Poles · Peru
1390
+17
🇲🇽 Spanish · Mexico
1261
+23
🇺🇸 Bohemians · United States
1418
-18
🇨🇦 Tupi · Canada
1414
-17
🇺🇸 Celts · United States
1393
-17
🇨🇦 Koreans · Canada
1393
-17
DL | Kukulcán
10:19 Feudal Age
9:01 Loom
15:40 Castle Age
18:32 Double-Bit Axe
20:52 Horse Collar
23:33 Bow Saw
Alex Kriz Froz
5:07 Loom
5:46 Loom
8:39 Feudal Age
9:30 Town Watch
9:31 Double-Bit Axe
20:39 Castle Age
20:36 Horse Collar
21:41 Heavy Plow
22:21 Scale Barding Armor
22:26 Forging
23:15 Bloodlines
23:48 Gold Mining
26:16 Forging
26:17 Husbandry
26:33 Bow Saw
27:31 Wheelbarrow
27:33 Chain Barding Armor
Cyndaquil
0:27 Loom
11:04 Feudal Age
14:56 Castle Age
13:11 Double-Bit Axe
13:14 Horse Collar
14:42 Gold Mining
15:51 Bow Saw
18:16 Fletching
18:53 Bodkin Arrow
20:04 Ballistics
22:22 Padded Archer Armor
22:41 Town Watch
DL | Lich
7:07 Loom
9:02 Feudal Age
9:03 Man-at-Arms
9:29 Arson
9:35 Double-Bit Axe
10:06 Arson
12:47 Long Swordsman
13:25 Loom
17:46 Wheelbarrow
20:18 Castle Age
21:30 Bow Saw
21:00 Horse Collar
22:30 Heavy Plow
22:58 Town Watch
鸭子
10:00 Feudal Age
10:28 Loom
12:05 Fletching
18:33 Castle Age
17:58 Double-Bit Axe
23:09 Bow Saw
zhazhahui
9:49 Loom
11:34 Feudal Age
15:45 Castle Age
14:18 Double-Bit Axe
20:33 Horse Collar
22:24 Fletching
23:04 Bodkin Arrow
meh
9:35 Feudal Age
10:53 Loom
13:49 Castle Age
21:03 Double-Bit Axe
22:21 Bow Saw
22:25 Horse Collar
24:39 Pikeman
26:49 Scale Mail Armor
ShadowMoneyWizardGang
0:27 Loom
11:14 Feudal Age
17:34 Castle Age
16:28 Double-Bit Axe
16:36 Gold Mining
20:34 Horse Collar
Connection lost

Rejoining the realm…

Still unreachable

The connection could not be restored.

Session expired

The server has moved on; the page needs a fresh start.